 Dungeon Crawl Stone Soup version 0.19.1-1-g22dce08 (webtiles) character file.

1169 spooks32 the Destroyer (level 8, -4/48 HPs)
             Began as a Tengu Conjurer on Jan 6, 2017.
             Slain by an ice beast (13 damage)
             ... on level 5 of the Dungeon on Jan 7, 2017.
             The game lasted 00:31:54 (6629 turns).

spooks32 the Destroyer (Tengu Conjurer)             Turns: 6629, Time: 00:31:55

Health: -4/48      AC:  4    Str: 10    XL:     8   Next: 40%
Magic:  8/17       EV: 12    Int: 16    God:
Gold:   264        SH:  0    Dex: 15    Spells: 5 memorised, 2 levels left

rFire  . . .     SeeInvis .     j - +1 flail (crush)
rCold  . . .     Gourm    .     q - +0 leather armour
rNeg   . . .     Faith    .     (no shield)
rPois  .         Spirit   .     (helmet restricted)
rElec  .         Reflect  .     (no cloak)
rCorr  .         Harm     .     z - +0 pair of gloves
MR     .....                    (boots unavailable)
Stlth  ++++......               (no amulet)
                                (no ring)
                                x - ring of Shadows {Umbra +Inv Stlth+}

@: wreathed by umbra
A: beak, talons 3, able to fly 1
a: Fly, Evoke Invisibility


You were on level 5 of the Dungeon.
You were not hungry.

You visited 2 branches of the dungeon, and saw 7 of its levels.

You collected 264 gold pieces.

Inventory:

Hand Weapons
 a - a +0 morningstar
 j - a +1 flail of crushing (weapon)
 t - a +4 flail
Armour
 q - a +0 leather armour (worn)
 y - the cursed +0 ring mail of the Fife {Str+6 SInv Stlth-, unknown}
   (You found it on level 6 of the Dungeon)

   It affects your strength (+6).
   It lets you see invisible.
   It makes you less stealthy.
   It has a curse placed upon it.
 z - a +0 pair of gloves (worn)
Jewellery
 x - the ring of Shadows (left hand) {Umbra +Inv Stlth+}
   (You found it on level 5 of the Dungeon)

   [ring of stealth]

   It lets you turn invisible.
   It makes you more stealthy.
Wands
 c - a wand of hasting (6/9)
 f - a wand of lightning (13/15)
 D - a wand of teleportation (2/9)
Scrolls
 e - a scroll of blinking
 k - a scroll of amnesia {unknown}
 n - 2 scrolls of recharging
Potions
 d - a potion of curing
 h - a potion of flight {unknown}
 i - a potion of resistance {unknown}
 l - a potion of haste {unknown}
 m - a potion of brilliance {unknown}
 s - a potion of cure mutation {unknown}
 v - a potion of agility {unknown}
 A - a potion of cancellation {unknown}
 B - a potion of degeneration {unknown}
 C - a potion of ambrosia {unknown}
Books
 b - a book of Conjurations

   Spells                             Type                      Level
   a - Magic Dart                     Conjuration                  1
   b - Searing Ray                    Conjuration                  2
   c - Dazzling Spray                 Conjuration/Hexes            3
   d - Fulminant Prism                Conjuration/Hexes            4
   e - Iskenderun's Mystic Blast      Conjuration                  4
   f - Iskenderun's Battlesphere      Conjuration/Charms           5
 w - a book of Changes

   Spells                             Type                      Level
   a - Beastly Appendage              Transmutation                1
   b - Sticks to Snakes               Transmutation                2
   c - Spider Form                    Transmutation/Poison         3
   d - Ice Form                       Ice/Transmutation            4
   e - Blade Hands                    Transmutation                5
Comestibles
 p - a meat ration
 r - a fruit
 u - 3 bread rations


   Skills:
 * Level 4.1 Fighting
 - Level 2.2 Dodging
 - Level 2.0 Stealth
 - Level 5.9 Spellcasting
 * Level 9.6 Conjurations


You had 2 spell levels left.
You knew the following spells:

 Your Spells              Type           Power        Failure   Level  Hunger
a - Magic Dart            Conj           ####         1%          1    None
b - Searing Ray           Conj           #####.       1%          2    #......
c - Iskenderun's Mystic   Conj           #####...     3%          4    ####...
d - Ice Form              Ice/Tmut       #.......     99%         4    ####...
e - Iskenderun's Battles  Conj/Chrm      ###.....     80%         5    ######.


Dungeon Overview and Level Annotations

Branches:
Dungeon (6/15)             Temple (1/1) D:6

Altars:
Ashenzari
Dithmenos
Fedhas
Hepliaklqana
Kikubaaqudgha
Makhleb
Nemelex Xobeh
Okawaru
Qazlal
Ru
Sif Muna
Trog
Uskayaw
Xom
Yredelemnul
Zin

Shops:
D:6 [

Annotations:
D:2 Robin
D:3 spooks32's ghost, amateur DECj
D:4 Menkaure


Innate Abilities, Weirdness & Mutations

You have a beak for a mouth.
You have claws for feet.
You can fly.


Message History

Casting: Magic Dart
Confirm with . or Enter, or press ? or * to list all spells.
Aiming: Magic Dart
Press: ? - help, Shift-Dir - straight line, f/p - ice beast
Aim: an ice beast (almost dead, umbra)
The magic dart hits the ice beast.
The ice beast is almost dead.
The ice beast hits you. The ice beast freezes you!
* * * LOW HITPOINT WARNING * * *
Casting: Magic Dart
Confirm with . or Enter, or press ? or * to list all spells.
Aiming: Magic Dart
Press: ? - help, Shift-Dir - straight line, f/p - ice beast
Aim: an ice beast (almost dead, umbra)
The magic dart hits the ice beast.
The ice beast is almost dead.
The ice beast hits you.
* * * LOW HITPOINT WARNING * * *
The ice beast freezes you!
You die...

#.......[.#>#
#.###.#####.#
#.# #.# #.# #.#
#.# ###.# #.#
#.# #...#
#.###.# #.###
#.....# #.#
#########Y.####
#.#
#.>.....@..#
#.#
#..........#
#.#
#########(.#
#.# #..# #.#
#..# #.# #..#
#.# #..# #.#
#..# #.#
#..######.#


You could see an ice beast.

Vanquished Creatures
  A sky beast (D:5)
  A phantom (D:6)
  2 ogres
  A crocodile (D:5)
  A bullfrog (D:6)
  A scorpion (D:5)
  2 howler monkeys
  5 crimson imps (D:5)
  A centaur zombie (D:6)
  2 hounds
  2 worker ants (D:6)
  A worker ant zombie (D:6)
  7 gnolls (D:5)
  7 adders
  A shadow imp (D:5)
  2 worms (D:5)
  6 leopard geckos
  9 orcs
  7 bats
  4 giant cockroaches
  8 goblins
  9 hobgoblins
  12 jackals
  8 frilled lizards
  7 kobolds
  7 rats
114 creatures vanquished.

Vanquished Creatures (others)
  A hobgoblin (D:3)
  A fungus (D:5)
  4 plants (D:5)
6 creatures vanquished.

Grand Total: 120 creatures vanquished

Notes
Turn   | Place    | Note
-------+----------+-------------------------------------------
     0 | D:1      | spooks32 the Tengu Conjurer began the quest for the Orb.
     0 | D:1      | Reached XP level 1. HP: 10/10 MP: 4/4
   254 | D:1      | Reached XP level 2. HP: 15/15 MP: 3/6
   335 | D:1      | Reached skill level 6 in Conjurations
   458 | D:1      | Learned a level 2 spell: Searing Ray
   626 | D:1      | Reached XP level 3. HP: 17/19 MP: 1/7
  1135 | D:2      | Noticed Robin
  1623 | D:2      | Reached XP level 4. HP: 24/24 MP: 5/8
  1730 | D:2      | Noticed an earth elemental
  1732 | D:2      | Found a stormy altar of Qazlal.
  1733 | D:2      | Noticed a fire elemental
  1733 | D:2      | Noticed an air elemental
  1733 | D:2      | Noticed a water elemental
  1991 | D:2      | Reached skill level 1 in Fighting
  2014 | D:2      | Learned a level 4 spell: Iskenderun's Mystic Blast
  2104 | D:3      | Noticed spooks32's ghost (amateur DECj)
  2198 | D:3      | Reached skill level 7 in Conjurations
  2704 | D:3      | HP: 1/25 [spooks32's ghost/magic dart (9)]
  2715 | D:4      | Noticed a phantom
  3153 | D:3      | Found a basalt altar of Yredelemnul.
  3250 | D:5      | Entered Level 5 of the Dungeon
  3392 | D:4      | Gained mutation: You can fly. [Tengu growth]
  3392 | D:4      | Reached XP level 5. HP: 29/29 MP: 6/10
  3405 | D:4      | Noticed Menkaure
  3776 | D:5      | Learned a level 4 spell: Ice Form
  4205 | D:5      | Reached XP level 6. HP: 24/35 MP: 8/13
  4314 | D:5      | Found a sacrificial altar of Ru.
  4776 | D:5      | Reached skill level 5 in Spellcasting
  4776 | D:5      | Reached XP level 7. HP: 39/40 MP: 12/15
  5444 | D:5      | Learned a level 5 spell: Iskenderun's Battlesphere
  5593 | D:6      | Reached skill level 8 in Conjurations
  5747 | D:6      | Got a shimmering ring mail
  5941 | D:6      | Found Wauxi's Antique Armour Shoppe.
  5954 | D:6      | Reached XP level 8. HP: 26/46 MP: 12/17
  6027 | D:6      | Reached skill level 9 in Conjurations
  6144 | D:6      | Found a shadowy altar of Dithmenos.
  6325 | D:6      | Found a staircase to the Ecumenical Temple.
  6336 | Temple   | Entered the Ecumenical Temple
  6629 | D:5      | Slain by an ice beast

Skill      XL: |  1  2  3  4  5  6  7  8 |
---------------+-------------------------+-----
Conjurations   | 6 7 8 9 |  9.6
Fighting       | 1 2 3 4 |  4.1
Spellcasting   | 3 4 5 |  5.9
Dodging        | |  2.2
Stealth        | |  2.0

Action                   |  1- 3 |  4- 6 |  7- 9 || total
-------------------------+-------+-------+-------++-------
Melee: Spear             |    50 |    66 |       ||   116
       Peck              |     7 |    13 |    10 ||    30
       Kick              |     7 |     9 |    10 ||    26
       Flail             |       |    21 |    51 ||    72
 Cast: Magic Dart        |    46 |    77 |    66 ||   189
       Searing Ray       |     5 |    18 |    19 ||    42
       Iskenderun's Myst |       |       |     2 ||     2
  Use: Potion            |     3 |     1 |     3 ||     7
       Scroll            |       |    12 |       ||    12
 Stab: Sleeping          |     2 |     1 |     1 ||     4
  Eat: Chunk             |     3 |       |       ||     3
       Fruit             |       |     1 |     4 ||     5
       Meat ration       |       |     1 |     1 ||     2
       Bread ration      |       |     1 |       ||     1
       Beef jerky        |       |     1 |     1 ||     2
Armor: Robe              |    21 |       |       ||    21
       Skin              |     7 |    12 |       ||    19
       Leather armour    |       |    26 |    11 ||    37
Dodge: Dodged            |    57 |    70 |    50 ||   177
